 Dungeon Crawl Stone Soup version 0.24.0-1-gfbc8707122 (webtiles) character file.

Game seed: 11789925547125568878, levelgen mode: deterministic

364 sking99 the Digger (level 6, 0/48 HPs)
             Began as a Barachi Earth Elementalist on Oct 27, 2019.
             Killed by nerve-wracking pain
             ... invoked by an orc priest
              (8 damage)
             ... on level 4 of the Dungeon.
             The game lasted 00:13:45 (5816 turns).

sking99 the Digger (Barachi Earth Elementalist)     Turns: 5816, Time: 00:13:45

Health: 0/48       AC:  3    Str:  9    XL:     6   Next: 67%
Magic:  0/12       EV: 12    Int: 17    God:
Gold:   271        SH:  0    Dex: 13    Spells: 2/13 levels left

rFire    . . .     SeeInvis .   (no weapon)
rCold    . . .     Gourm    .   (no shield)
rNeg     . . .     Faith    .   c - +0 robe
rPois    +         Spirit   .   (no helmet)
rElec    .         Reflect  .   u - +0 cloak
rCorr    .         Harm     .   (no gloves)
MR       +....                  (no boots)
Stlth    ++........             (no amulet)
HPRegen  0.16/turn              o - ring of poison resistance
MPRegen  0.13/turn              f - ring of protection from magic

@: very slightly contaminated, invisible (expiring), slow
A: +LOS, swims, slowness 1, strong legs 1
a: Hop


You were on level 4 of the Dungeon.
You were not hungry.

You visited 1 branch of the dungeon, and saw 4 of its levels.
You also visited: Sewer.

You collected 271 gold pieces.

Inventory:

Missiles
 b - 41 stones (quivered)
Armour
 c - a +0 robe (worn)
 u - a +0 cloak (worn)
Jewellery
 e - a +3 ring of strength
 f - a ring of protection from magic (right hand)
 o - a ring of poison resistance (left hand)
Wands
 m - a wand of enslavement (11)
Scrolls
 a - 3 scrolls of amnesia {unknown}
 h - 3 scrolls of remove curse
 k - 2 scrolls of teleportation
 l - a scroll of identify
 n - a scroll of enchant weapon
Potions
 g - 4 potions of flight
 i - a potion of agility
 j - a potion of cancellation
 p - a potion of brilliance
 t - 2 potions of resistance
Comestibles
 d - 7 rations


   Skills:
 + Level 3.7 Fighting
 - Level 2.1 Dodging
 - Level 1.7 Stealth
 + Level 4.0 Spellcasting
 + Level 2.6 Conjurations
 - Level 1.1 Transmutations
 * Level 4.7 Earth Magic


You had 2 spell levels left.
You knew the following spells:

 Your Spells              Type           Power        Failure   Level  Hunger
a - Sandblast             Erth           ###...       2%          1    None
b - Passwall              Tmut/Erth      ##......     8%          2    ##.....
c - Stone Arrow           Conj/Erth      ###...       11%         3    ###....
d - Lee's Rapid Deconstr  Erth           ###.......   54%         5    ######.

Your spell library contained the following spells:

 Spells                   Type           Power        Failure   Level  Hunger
 Animate Skeleton         Necr           N/A          16%         1    None
 Pain                     Necr           #...         16%         1    None
 Regeneration             Chrm/Necr      #.........   43%         3    ###....
 Vampiric Draining        Necr           #.........   43%         3    ###....
 Petrify                  Tmut/Erth      ##......     43%         4    ####...
 Animate Dead             Necr           N/A          83%         4    ####...


Dungeon Overview and Level Annotations

Branches:
Dungeon (4/15)             Temple (0/1) D:4           Sewer (visited)

Altars:


Innate Abilities, Weirdness & Mutations

Shadows flee at your approach. (+LOS)
You can swim through water.
You cover ground slowly.
You can hop short distances.


Message History

Aim: an orc wizard, wielding a +0 dagger and wearing a +0 robe (heavily wounded)
The blast of sand hits the orc wizard.
The orc wizard is almost dead.
b - 42 stones The orc wizard shouts!
The orc wizard points at something and mumbles some strange words.
You resist with almost no effort.
Casting: Sandblast (safe; 2% risk of failure)
Confirm with . or Enter, or press ? or * to list all spells.
Aiming: Sandblast (safe; 2% risk of failure)
Press: ? - help, Shift-Dir - straight line, f/p - orc wizard
Aim: an orc wizard, wielding a +0 dagger and wearing a +0 robe (severely wounded)
The blast of sand hits the orc wizard!
You kill the orc wizard!
Your Spellcasting skill increases to level 4!
b - 41 stones You flicker for a moment.
The orc priest mumbles some strange prayers to Beogh against you.
Pain shoots through your body!
You die...

...........# ##...## *,**o..,,,
##.........# ##.## *,*,.w.o,*
####...#### #.# *,,,..o,,*
#........# #.# ****#o#***
#.##...#.# #.# #.# * #.###.##.#
#.# #.# ##.###.##.# #.# ##'##
.......##.# #.# ##o..##
##..##.##.# #@### ##.....##
##...#.##.# ##.#.## ##.......#
##.....##.#####.....####.........
...............#......)).........
###....########.#..o####.........
# #..#.# #.##.## ##...[...#
#*#.##.# #.#### ##.....##
.,...,.# #.# ##.....# ###.#**#
#.# ##+##.#


You could see an orc priest.

Vanquished Creatures
  An orc priest (D:4)
  3 orc wizards (D:4)
  2 merfolk sirens (Sewer)
  A merfolk avatar (Sewer)
  Robin (D:4)
  3 adders
  2 river rats
  2 oozes
  3 worms (D:4)
  8 dart slugs (D:3)
  4 leopard geckos
  3 orcs
  2 giant cockroaches (D:1)
  14 goblins
  7 hobgoblins
  4 kobolds (D:2)
  A quokka (D:2)
  10 ball pythons
  5 bats
  8 frilled lizards
  A leopard gecko skeleton (D:4)
  33 rats
118 creatures vanquished.

Notes
Turn   | Place    | Note
-------+----------+-------------------------------------------
     0 | D:1      | sking99 the Barachi Earth Elementalist began the quest for
                  | the Orb.
     0 | D:1      | Reached XP level 1. HP: 13/13 MP: 3/3
   475 | D:1      | Reached skill level 1 in Fighting
   475 | D:1      | Reached XP level 2. HP: 21/21 MP: 3/5
   577 | D:1      | Learned a level 2 spell: Passwall
  1033 | D:1      | Reached XP level 3. HP: 26/26 MP: 4/7
  1057 | D:1      | Learned a level 3 spell: Stone Arrow
  2425 | D:3      | Reached XP level 4. HP: 32/33 MP: 4/8
  3847 | D:4      | Found a staircase to the Ecumenical Temple.
  3876 | D:4      | Reached skill level 1 in Conjurations
  3987 | D:4      | Reached XP level 5. HP: 37/39 MP: 3/10
  3991 | D:4      | Found a glowing drain.
  4042 | Sewer    | Entered a sewer
  4858 | Sewer    | Noticed a malarious merfolk avatar
  4868 | Sewer    | Killed a malarious merfolk avatar
  5102 | Sewer    | Reached XP level 6. HP: 47/47 MP: 1/11
  5189 | Sewer    | Learned a level 5 spell: Lee's Rapid Deconstruction
  5458 | D:4      | Noticed Robin
  5476 | D:4      | Killed Robin
  5816 | D:4      | Killed from afar by an orc priest

Levels and vault maps discovered:
D:1:      dpeg_arrival_water_fire, layout_loops_ring, serial_bayou_lagoon_a
D:2:      layout_basic, serial_corexii_hall, chequers_hall_statues_y,
          corexii_hall_statues_deadend
D:3:      kennysheep_slugbush, layout_basic
D:4:      layout_loops_corners, minmay_temple_entry_from_below_a, first_ration,
          gup_sewer_entry_spiral, chequers_serial_rivers_small_b,
          minmay_misc_feat_secret_circle, uniq_robin

Skill      XL: |  1  2  3  4  5  6 |
---------------+-------------------+-----
Fighting       | 1 2 3 |  3.7
Spellcasting   | 3 4 |  4.0
Conjurations   | 1 2 |  2.6
Earth Magic    | 4 |  4.7
Dodging        | |  2.1
Stealth        | |  1.7
Transmutations | |  1.1

Action                   |  1- 3 |  4- 6 || total
-------------------------+-------+-------++-------
Melee: Unarmed           |     4 |     3 ||     7
 Cast: Sandblast         |    50 |    95 ||   145
       Stone Arrow       |     5 |    28 ||    33
 Abil: Hop               |     2 |     3 ||     5
  Use: Scroll            |       |    13 ||    13
       Potion            |       |     1 ||     1
  Eat: Chunk             |     6 |    11 ||    17
       Ration            |       |     1 ||     1
Armor: Robe              |    10 |     8 ||    18
Dodge: Dodged            |    22 |    32 ||    54
